Map: Efeméride LE

Players

Loke - Winner!

  • Race: Zerg Zerg
  • League: Diamond
  • Spawn Location: 11:00

LowLinK

  • Race: Protoss Protoss
  • League: Diamond
  • Spawn Location: 5:00

VOD

Have the link to the VOD?

Description

Time

  • Played on: Feb. 18, 2020, 8:21 p.m.
  • Length: 11:17
Show
View Real Time Build Order
Export as new Build Order

Loke Zerg - Winner!

Build Orders: Hatch First 

Get SALT Encoding   

  12  0:02  Drone  
  13  0:13  Overlord  
  13  0:18  Drone  
  14  0:31  Drone x2  
  14  0:35  Drone  
  17  0:49  Drone  
  18  0:56  Hatchery  
  17  0:59  Drone  
  17  1:03  Extractor  
  17  1:16  Spawning Pool  
  17  1:17  Drone  
  17  1:21  Drone  
  18  1:30  Drone  
  19  1:44  Overlord  
  19  1:57  Drone  
  20  2:08  Metabolic Boost  
  20  2:11  Queen  
  20  2:12  Queen  
  20  2:13  Drone x3  
  27  2:23  Zergling x2  
  27  2:25  Drone  
  29  2:34  Zergling x2  
  29  2:35  Zergling x2  
  31  2:39  Spine Crawler  
  31  2:42  Zergling x2  
  31  2:46  Queen  
  33  2:58  Overlord  
  33  3:00  Zergling x2  
  33  3:01  Zergling x2  
  35  3:10  Overlord  
  35  3:14  Queen  
  35  3:15  Roach Warren  
  36  3:20  Drone x3  
  36  3:26  Evolution Chamber  
  38  3:30  Drone x2  
  38  3:32  Drone  
  41  3:47  Overlord  
  41  3:51  Overlord  
  41  3:59  Zergling x4  
  41  4:00  Zergling x6  
  46  4:09  Zerg Melee Weapons Level 1  
  45  4:17  Baneling Nest  
  44  4:28  Overlord  
  44  4:30  Overlord  
  43  4:38  Overlord  
  42  4:51  Zergling x6  
  42  4:52  Zergling x10  
  48  5:04  Zergling x4  
  49  5:15  Baneling  
  49  5:16  Baneling x2  
  49  5:19  Baneling  
  49  5:24  Drone x3  
  49  5:27  Lair  
  52  5:49  Queen  
  48  5:50  Zergling x2  
  48  5:51  Zergling x8  
  41  6:15  Drone  
  41  6:16  Drone x7  
  45  6:40  Zergling x2  
  45  6:41  Zergling x16  
  45  6:44  Baneling  
  54  6:57  Nydus Network  
  54  6:58  Hatchery  
  54  7:00  Extractor, Drone x3  
  54  7:03  Zergling x4  
  54  7:04  Zergling x2  
  57  7:20  Spine Crawler  
  55  7:23  Spine Crawler, Roach Warren  
  55  7:27  Zergling x2  
  55  7:28  Zergling x12  
  51  7:45  Spine Crawler, Burrow  
  47  7:58  Roach x7  
  44  8:01  Overlord x3  
  47  8:18  Queen  
  47  8:19  Queen  
  51  8:25  Drone x3  
  51  8:26  Drone x3  
  57  8:30  Drone x2  
  57  8:31  Overlord  
  57  8:34  Drone x4  
  62  8:54  Drone  
  62  8:55  Drone x2  
  65  8:58  Queen  
  65  8:59  Extractor, Overlord x2  
  65  9:01  Roach x3  
  70  9:28  Roach  
  70  9:29  Roach x7  
  84  9:39  Overlord  
  84  9:53  Baneling x4  
  84  9:54  Baneling  
  84  9:55  Baneling  
  84  9:58  Zergling x2  
  84  9:59  Zergling x16  
  93  10:24  Nydus Canal  
Show
View Real Time Build Order
Export as new Build Order

LowLinK Protoss 

Build Orders:  

Get SALT Encoding   

  12  0:01  Probe  
  13  0:13  Probe  
  14  0:18  Pylon  
  14  0:25  Probe  
  15  0:37  Probe (Chrono Boost)  
  15  0:38  Gateway  
  16  0:48  Probe (Chrono Boost)  
  16  0:49  Assimilator  
  17  0:53  Probe (Chrono Boost)  
  18  1:02  Assimilator  
  18  1:03  Probe  
  19  1:16  Probe  
  20  1:24  Pylon  
  20  1:25  Cybernetics Core  
  20  1:28  Probe  
  21  1:40  Probe  
  22  1:52  Probe  
  22  1:53  Gateway  
  23  1:57  Pylon  
  23  1:58  Warp Gate (Chrono Boost)  
  25  2:12  Adept  
  25  2:16  Gateway  
  25  2:24  Pylon  
  25  2:31  Gateway  
  25  2:35  Gateway  
  25  2:49  Stalker  
  27  3:03  Adept (Chrono Boost)  
  29  3:17  Pylon  
  29  3:31  Stalker  
  29  3:32  Stalker x3  
  37  3:41  Adept  
  39  4:00  Adept x2  
  43  4:08  Adept x2  
  43  4:09  Sentry  
  39  4:50  Stalker x3  
  39  4:51  Adept x2  
  36  5:11  Adept x2  
  40  5:17  Adept x3  
  46  5:28  Adept  
  48  5:51  Adept x3  
  32  6:33  Adept x2  
  32  6:34  Adept  
  32  6:35  Stalker x2  
  42  6:54  Adept x3  
  42  6:58  Adept x2  
  52  7:28  Adept  
  44  8:05  Pylon  
  38  8:07  Pylon  
  26  8:13  Adept x3  
  26  8:14  Adept  
  34  8:21  Pylon  
  34  8:46  Adept  
  34  8:47  Adept  
  38  8:48  Zealot x2  
  42  9:07  Stalker x2  
  46  9:14  Robotics Facility  
  46  9:19  Stalker  
  46  9:20  Stalker  
  44  9:32  Stalker  
  44  9:36  Stalker  
  48  9:44  Stalker  
  50  9:48  Sentry  
  52  10:10  Warp Prism (Chrono Boost)  
  42  10:44  Stalker x2  
  42  10:48  Sentry  
Tags
 
Add a new tag
Caveats
  • Supply blocks, unpowered buildings, or Contaminate may cause inaccurate times.
  • Supply counts are checked every 10 seconds.